[Event "Irish Championship 2020"]
[Site "Dublin"]
[Date "2020.08.09"]
[Round "9.8"]
[White "Peoples, Jonathon"]
[Black "Putar, Leon"]
[Result "1-0"]
[ECO "C06"]
[WhiteElo "1932"]
[BlackElo "1894"]
[Annotator "ChessBase"]
[PlyCount "73"]
[EventDate "2020.08.01"]
[EventType "swiss"]
[EventCountry "IRL"]
[SourceTitle "playchess.com"]
[Source "ChessBase"]
[SourceQuality "1"]
[TimeControl "8100+35"]

1. e4 e6 2. d4 d5 3. Nd2 Nf6 4. e5 Nfd7 5. Bd3 c5 6. c3 Nc6 7. Ne2 cxd4 8. cxd4 f6 9. Nf4 Qe7 10. Nf3 fxe5 11. dxe5 Ndxe5 12. Nxe5 Nxe5 13. Qh5+ Nf7 14. O-O g6 15. Qe2 Bd7 16. Re1 e5 17. Nxd5 Qd6 18. Nc3 a6 19. Be3 Be7 20. Rad1 Rc8 21. Be4 Qb4 22. a3 Qa5 23. Nd5 Bd8 24. Qf3 O-O 25. b4 Qb5 26. Nf6+ Bxf6 27. Qxf6 Bc6 28. Bc5 Rfe8 29. Bd3 Qa4 30. Bc4 Rc7 31. Be3 g5 32. Bxg5 Qc2 33. Rd3 Qxc4 34. Rg3 Be4 35. Bh6+ Ng5 36. Rxg5+ Bg6 37. Rxg6+ 1-0

[Event "Irish Championship 2020"]
[Site "Dublin"]
[Date "2020.08.09"]
[Round "9.10"]
[White "Putar, Lara"]
[Black "O`Gorman, Alice"]
[Result "1-0"]
[ECO "D30"]
[WhiteElo "1834"]
[BlackElo "1904"]
[Annotator "ChessBase"]
[PlyCount "71"]
[EventDate "2020.08.01"]
[EventType "swiss"]
[EventCountry "IRL"]
[SourceTitle "playchess.com"]
[Source "ChessBase"]
[SourceQuality "1"]
[TimeControl "8100+35"]

1. d4 d5 2. c4 e6 3. Nf3 c6 4. g3 dxc4 5. Bg2 b5 6. a4 Bb7 7. Nc3 a6 8. Ne5 Qc8 9. O-O Nd7 10. Ne4 Be7 11. Nxd7 Qxd7 12. Nc5 Bxc5 13. dxc5 Qe7 14. Qd6 Qxd6 15. cxd6 Nf6 16. axb5 axb5 17. Rxa8+ Bxa8 18. Be3 Kd7 19. Bc5 Bb7 20. e4 Ra8 21. f4 Ra4 22. e5 Ng8 23. f5 exf5 24. Rxf5 Ra1+ 25. Kf2 Nh6 26. Bh3 Ke8 27. d7+ Kd8 28. Bb6+ Kxd7 29. Rxf7+ Ke8 30. Rxb7 Ra2 31. Bd7+ Ke7 32. Bc5+ Kd8 33. e6 Rxb2+ 34. Kf3 Nf5 35. g4 Ne7 36. Bb6# 1-0

[Event "Irish Championship 2020"]
[Site "Dublin"]
[Date "2020.08.09"]
[Round "9.11"]
[White "Lyons, Brendan"]
[Black "Carroll, Peter"]
[Result "0-1"]
[ECO "B06"]
[WhiteElo "1941"]
[BlackElo "2009"]
[Annotator "NA"]
[PlyCount "36"]
[EventDate "2020.08.01"]
[EventType "swiss"]
[EventCountry "IRL"]
[SourceTitle "playchess.com"]
[Source "ChessBase"]
[SourceQuality "1"]
[TimeControl "8100+35"]

1. e4 c5 2. Nc3 g6 3. d4 Bg7 4. dxc5 Qa5 5. Bd2 Qxc5 6. Nd5 Na6 7. Nf3 e6 $1 8. b4 Qf8 9. b5 (9. Nc3 $16) 9... exd5 10. bxa6 dxe4 11. axb7 $2 (11. Ng5 $14 {stays ahead.} h6 12. Rb1 hxg5 13. axb7 Bxb7 14. Rxb7) 11... Bxb7 12. Rb1 exf3 13. gxf3 (13. Rxb7 {was the only defense.} Qe7+ 14. Be2 fxe2 15. Qxe2) 13... Qe7+ 14. Be2 Bxf3 15. Be3 Bxh1 16. Bb5 Nf6 17. Kf1 O-O 18. Rb3 Qe4 $19 0-1

[Event "Irish Championship 2020"]
[Site "Dublin"]
[Date "2020.08.09"]
[Round "9.12"]
[White "Byrne, Alex"]
[Black "Casey, Eoghan"]
[Result "1/2-1/2"]
[ECO "D94"]
[WhiteElo "1976"]
[BlackElo "1954"]
[Annotator "NA"]
[PlyCount "111"]
[EventDate "2020.08.01"]
[EventType "swiss"]
[EventCountry "IRL"]
[SourceTitle "playchess.com"]
[Source "ChessBase"]
[SourceQuality "1"]
[TimeControl "8100+35"]

1. e4 c5 2. c3 d5 3. exd5 Nf6 4. Nf3 Nxd5 5. d4 cxd4 6. cxd4 g6 7. Nc3 Bg7 8. Bc4 Nb6 9. Bb3 O-O 10. O-O Bg4 11. h3 Bxf3 $1 12. Qxf3 Nc6 13. Be3 Qd7 {[%emt 0:32:45] [#] D94: Grünfeld: 4 Nf3 Bg7 5 e3.} 14. Ne4 $146 (14. d5 $11 Na5 15. Rfe1) ({Predecessor:} 14. Rad1 Nxd4 15. Bxd4 Bxd4 16. Ne2 e5 17. Nxd4 exd4 18. Rd3 Rad8 19. Rfd1 Qe7 20. Rxd4 Rxd4 21. Rxd4 {½-½ (30) Smirin,I (2659)-Grischuk,A (2709) Rishon Le Ziyyon 2006}) 14... Nxd4 15. Bxd4 Qxd4 16. Rad1 Qxb2 17. Nc5 Qc3 18. Qxc3 Bxc3 19. Nxb7 Rfc8 20. Rd3 Bb4 21. a3 Rab8 22. axb4 Rxb7 23. f4 e6 24. g4 Nd7 25. f5 Nf8 26. Rf4 Rcb8 27. fxe6 Nxe6 28. Bxe6 fxe6 29. Rd6 Rxb4 30. Rxb4 Rxb4 31. Rxe6 Ra4 32. Re7 Ra2 33. Rb7 a5 34. Ra7 $2 (34. Kf1) 34... a4 35. Kh1 a3 36. Kg1 h6 37. Kh1 Ra1+ 38. Kg2 a2 39. Kh2 Kf8 40. Kg2 Ke8 41. Kh2 Kd8 42. Kg2 Kc8 43. Kh2 Kb8 44. Ra3 Kb7 45. Kg2 Kb6 46. Kh2 Kb5 47. Kg2 Kc5 48. Ra4 Kd5 49. Ra5+ Ke4 50. Ra3 Kf4 51. Ra5 Ke4 52. Ra4+ Ke5 53. Ra5+ Kf4 $19 54. Kh2 Kf3 55. Ra3+ Ke4 56. Ra5 1/2-1/2

[Event "Irish Championship 2020"]
[Site "Dublin"]
[Date "2020.08.09"]
[Round "9.13"]
[White "Mirza, Diana"]
[Black "Moran, Darragh"]
[Result "1-0"]
[ECO "D04"]
[WhiteElo "1939"]
[BlackElo "1873"]
[Annotator "ChessBase"]
[PlyCount "116"]
[EventDate "2020.08.01"]
[EventType "swiss"]
[EventCountry "IRL"]
[SourceTitle "playchess.com"]
[Source "ChessBase"]
[SourceQuality "1"]
[TimeControl "8100+35"]

1. d4 c6 2. Nf3 Nf6 3. e3 d5 4. Bd3 Bg4 5. c4 e6 6. Nc3 Nbd7 7. O-O Bd6 8. h3 Bh5 9. e4 dxe4 10. Nxe4 Nxe4 11. Bxe4 Bg6 12. Bxg6 hxg6 13. d5 cxd5 14. cxd5 e5 15. Bg5 Qb6 16. Qa4 Qb4 17. Qxb4 Bxb4 18. a3 Bd6 19. Nd2 f6 20. Be3 Ke7 21. Rac1 Rhc8 22. Nc4 b6 23. a4 Rc7 24. f4 Rac8 25. b3 Bc5 26. Bxc5+ Rxc5 27. d6+ Ke6 28. Rfe1 Kf5 29. fxe5 fxe5 30. Re3 a6 31. Rf1+ Kg5 32. Rf7 b5 33. axb5 axb5 34. Nd2 Rc1+ 35. Kh2 Rd8 36. Rxg7 Kh6 37. Rf7 Nc5 38. Rc7 Rxd6 39. Ne4 Rd3 40. Rxd3 Nxd3 41. Rxc1 Nxc1 42. Nc5 Kg5 43. Kg3 Kf6 44. Kg4 Ke7 45. Kg5 Kd6 46. Ne4+ Kd5 47. Nc3+ Kc5 48. Kxg6 b4 49. Nd1 Nxb3 50. h4 Nd4 51. h5 Ne6 52. h6 b3 53. Kf6 Nf8 54. Kxe5 Kc4 55. Kf6 Kd3 56. Kg7 Kc2 57. Kxf8 Kxd1 58. Kg7 Kc2 1-0